TOP OF THE 1ST |
University of Oklahoma Sooners batting - Pitching for Louisiana State University Tigers : RHP David Lopez
|
Pitching: RHP David Lopez
|
|
Batting: RHB Patrick Pinault
|
0-0: Ball 1-0: Ball 2-0: Ball 3-0: Base on Balls
|
Batting: RHB Jesus Montana
|
0-0: Ball 1-0: Ball 2-0: Swinging Strike 2-1: Ball 3-1: Base on Balls Patrick Pinault to second
|
Batting: RHB Connell Boyle Jr.
|
0-0: Ball 1-0: Ball 2-0: Foul Ball, location: 2F 2-1: Swinging Strike 2-2: Ball Wild Pitch! Patrick Pinault to third Jesus Montana to second 3-2: Ground out 4-3 (Groundball, 4, EV 107.5 MPH) Patrick Pinault scores Jesus Montana to third
|
Batting: RHB Carlos Gonzales
|
0-0: Ball 1-0: Called Strike 1-1: Ball 2-1: Foul Ball, location: 2F 2-2: Ground out 5-3 (Groundball, 56S, EV 85.0 MPH) Jesus Montana scores
|
Batting: RHB Elmar Adenauer
|
0-0: Called Strike 0-1: Foul Ball, location: 2F 0-2: Ball 1-2: Ball 2-2: Strikes out swinging
|
Top of the 1st over - 2 runs, 0 hits, 0 errors, 0 left on base; University of Oklahoma 2 - Louisiana State University 0 |
BOTTOM OF THE 1ST |
Louisiana State University Tigers batting - Pitching for University of Oklahoma Sooners : LHP Lawson Noseworthy
|
Pitching: LHP Lawson Noseworthy
|
|
Batting: RHB Andy Jamison
|
0-0: Foul Ball, location: 2F 0-1: Foul Ball, location: 2F 0-2: Ball 1-2: Fly out, F8 (Flyball, 8RM, EV 93.8 MPH)
|
Batting: LHB Bob Govella
|
0-0: Fly out, F7 (Flyball, 78D, EV 75.0 MPH)
|
Batting: RHB Richard Saquic
|
0-0: Ground out 5-3 (Groundball, 56S, EV 88.8 MPH)
|
Bottom of the 1st over - 0 runs, 0 hits, 0 errors, 0 left on base; University of Oklahoma 2 - Louisiana State University 0 |
TOP OF THE 2ND |
University of Oklahoma Sooners batting - Pitching for Louisiana State University Tigers : RHP David Lopez
|
Batting: SHB Cesar Carrasquillo
|
0-0: Called Strike 0-1: SINGLE (Line Drive, 7S, EV 100.6 MPH)
|
Batting: RHB Terrell Smith
|
0-0: Ball 1-0: Foul Ball, location: 2F 1-1: Swinging Strike 1-2: Strikes out looking
|
Batting: SHB Zach Allen
|
0-0: SINGLE (Groundball, 13S, EV 73.8 MPH) (infield hit) Cesar Carrasquillo to second
|
Batting: RHB Josh Lynch
|
0-0: Foul Ball, location: 2F 0-1: Ball 1-1: Called Strike 1-2: Ball 2-2: Strikes out looking
|
Batting: RHB Patrick Pinault
|
0-0: DOUBLE (Line Drive, 5D, EV 104.4 MPH) Cesar Carrasquillo scores Zach Allen to third
|
Batting: RHB Jesus Montana
|
0-0: Ball 1-0: Called Strike 1-1: Foul Ball, location: 2F 1-2: Ball 2-2: Ball 3-2: Foul Ball, location: 2F 3-2: Foul Ball, location: 2F 3-2: DOUBLE (Line Drive, 78XD, EV 100.0 MPH) Zach Allen scores Patrick Pinault scores
|
Batting: RHB Connell Boyle Jr.
|
0-0: Swinging Strike 0-1: Foul Ball, location: 2F 0-2: Strikes out swinging
|
Top of the 2nd over - 3 runs, 4 hits, 0 errors, 1 left on base; University of Oklahoma 5 - Louisiana State University 0 |
BOTTOM OF THE 2ND |
Louisiana State University Tigers batting - Pitching for University of Oklahoma Sooners : LHP Lawson Noseworthy
|
Batting: LHB Lourens Aukema
|
0-0: Ball 1-0: Ball 2-0: Ground out 2-3 (Groundball, 2L, EV 67.5 MPH)
|
Batting: RHB David Lobacz
|
0-0: Ball 1-0: Foul Ball, location: 2F 1-1: Ball 2-1: Ball 3-1: Foul Ball, location: 2F 3-2: Fly out, F8 (Flyball, 8LD, EV 102.5 MPH)
|
Batting: SHB Fernando Solano
|
0-0: Called Strike 0-1: Called Strike 0-2: Ground out 5-3 (Groundball, 56S, EV 81.3 MPH)
|
Bottom of the 2nd over - 0 runs, 0 hits, 0 errors, 0 left on base; University of Oklahoma 5 - Louisiana State University 0 |
TOP OF THE 3RD |
University of Oklahoma Sooners batting - Pitching for Louisiana State University Tigers : RHP David Lopez
|
Batting: RHB Carlos Gonzales
|
0-0: Ball 1-0: Foul Ball, location: 2F 1-1: Ball 2-1: Ground out 4-3 (Groundball, 4, EV 87.5 MPH)
|
Batting: RHB Elmar Adenauer
|
0-0: Ball 1-0: Swinging Strike 1-1: Called Strike 1-2: Ball 2-2: Ball 3-2: Strikes out swinging
|
Batting: SHB Cesar Carrasquillo
|
0-0: Ground out 6-3 (Groundball, 6S, EV 92.5 MPH)
|
Top of the 3rd over - 0 runs, 0 hits, 0 errors, 0 left on base; University of Oklahoma 5 - Louisiana State University 0 |
BOTTOM OF THE 3RD |
Louisiana State University Tigers batting - Pitching for University of Oklahoma Sooners : LHP Lawson Noseworthy
|
Batting: LHB Ângelo Schwn
|
0-0: Ball 1-0: Called Strike 1-1: Ground out 5-3 (Groundball, 5, EV 104.4 MPH)
|
Batting: RHB Edgar Cuesta
|
0-0: Called Strike 0-1: Called Strike 0-2: Foul Ball, location: 2F 0-2: Fly out, F8 (Flyball, 8RS, EV 89.4 MPH)
|
Batting: RHB Alberto Chavez
|
0-0: Swinging Strike 0-1: Ball 1-1: Ground out 6-3 (Groundball, 6, EV 91.9 MPH)
|
Bottom of the 3rd over - 0 runs, 0 hits, 0 errors, 0 left on base; University of Oklahoma 5 - Louisiana State University 0 |
TOP OF THE 4TH |
University of Oklahoma Sooners batting - Pitching for Louisiana State University Tigers : RHP David Lopez
|
Pitching: RHP Israel Marles
|
|
Batting: RHB Terrell Smith
|
0-0: Ball 1-0: Ground out 3-1 (Groundball, 34, EV 80.0 MPH)
|
Batting: SHB Zach Allen
|
0-0: Swinging Strike 0-1: SINGLE (Groundball, 56D, EV 101.3 MPH)
|
Batting: RHB Josh Lynch
|
0-0: Hit by Pitch Zach Allen to second
|
Batting: RHB Patrick Pinault
|
0-0: Called Strike 0-1: Ball 1-1: Ball 2-1: Foul Ball, location: 2F 2-2: Strikes out swinging
|
Batting: RHB Jesus Montana
|
0-0: Called Strike 0-1: Ball 1-1: Ground out 4-3 (Groundball, 4, EV 102.5 MPH)
|
Top of the 4th over - 0 runs, 1 hit, 0 errors, 2 left on base; University of Oklahoma 5 - Louisiana State University 0 |
BOTTOM OF THE 4TH |
Louisiana State University Tigers batting - Pitching for University of Oklahoma Sooners : LHP Lawson Noseworthy
|
Batting: RHB Andy Jamison
|
0-0: Ball 1-0: Ball 2-0: Ball 3-0: Base on Balls
|
Batting: LHB Bob Govella
|
0-0: Swinging Strike 0-1: Ball 1-1: Ball 2-1: Ball 3-1: Foul Ball, location: 2F 3-2: Foul Ball, location: 2F 3-2: Base on Balls Andy Jamison to second
|
Batting: RHB Richard Saquic
|
0-0: Swinging Strike 0-1: Called Strike 0-2: 3-RUN HOME RUN (Flyball, 9D, EV 98.1 MPH), Distance : 371 ft
|
Batting: LHB Lourens Aukema
|
0-0: Ball 1-0: SOLO HOME RUN (Flyball, 7LD, EV 98.1 MPH), Distance : 377 ft
|
Batting: RHB David Lobacz
|
0-0: Ground out 2-3 (Groundball, 2R, EV 65.6 MPH)
|
Batting: SHB Fernando Solano
|
0-0: Ball 1-0: Foul Ball, location: 2F 1-1: Ball 2-1: Foul Ball, location: 2F 2-2: Foul Ball, location: 2F 2-2: Ball 3-2: Base on Balls
|
Batting: LHB Ângelo Schwn
|
0-0: Swinging Strike 0-1: Called Strike 0-2: Ball 1-2: Ball 2-2: Ball 3-2: Strikes out swinging
|
Batting: RHB Edgar Cuesta
|
0-0: Ball 1-0: Swinging Strike 1-1: Foul Ball, location: 2F 1-2: Ground out 3-1 (Groundball, 34S, EV 83.1 MPH)
|
Bottom of the 4th over - 4 runs, 2 hits, 0 errors, 1 left on base; University of Oklahoma 5 - Louisiana State University 4 |
TOP OF THE 5TH |
University of Oklahoma Sooners batting - Pitching for Louisiana State University Tigers : RHP Israel Marles
|
Batting: RHB Connell Boyle Jr.
|
0-0: Called Strike 0-1: Foul Ball, location: 2F 0-2: Foul Ball, location: 2F 0-2: Ball 1-2: Ball 2-2: Ball 3-2: Fly out, F8 (Flyball, 8RD, EV 95.6 MPH)
|
Batting: RHB Carlos Gonzales
|
0-0: Ball 1-0: Ground out 4-3 (Groundball, 4, EV 104.4 MPH)
|
Batting: RHB Elmar Adenauer
|
0-0: Called Strike 0-1: Ball 1-1: Foul Ball, location: 2F 1-2: Strikes out swinging
|
Top of the 5th over - 0 runs, 0 hits, 0 errors, 0 left on base; University of Oklahoma 5 - Louisiana State University 4 |
BOTTOM OF THE 5TH |
Louisiana State University Tigers batting - Pitching for University of Oklahoma Sooners : LHP Lawson Noseworthy
|
Pitching: LHP Jose Barron
|
|
Batting: RHB Alberto Chavez
|
0-0: Ball 1-0: Ground out 4-3 (Groundball, 34D, EV 83.8 MPH)
|
Batting: RHB Andy Jamison
|
0-0: Ball 1-0: Ball 2-0: Fly out, F5 (Line Drive, 5, EV 65.6 MPH)
|
Pinch Hitting: RHB Eddie Ramirez
|
0-0: Ball 1-0: Called Strike 1-1: Swinging Strike 1-2: Foul Ball, location: 2F 1-2: Foul Ball, location: 2F 1-2: Ball 2-2: Foul Ball, location: 2F 2-2: Foul Ball, location: 2F 2-2: Ball 3-2: Strikes out swinging
|
Bottom of the 5th over - 0 runs, 0 hits, 0 errors, 0 left on base; University of Oklahoma 5 - Louisiana State University 4 |
TOP OF THE 6TH |
University of Oklahoma Sooners batting - Pitching for Louisiana State University Tigers : RHP Israel Marles
|
Now in RF: Bill Crogan
|
|
Batting: SHB Cesar Carrasquillo
|
0-0: Ball 1-0: Swinging Strike 1-1: SINGLE (Flyball, 56D, EV 83.8 MPH)
|
Batting: RHB Terrell Smith
|
0-0: Ball 1-0: Swinging Strike 1-1: Ball 2-1: SINGLE (Flyball, 4MD, EV 96.9 MPH) Cesar Carrasquillo to second
|
Batting: SHB Zach Allen
|
0-0: Ball 1-0: Ball 2-0: Foul Ball, location: 2F 2-1: Foul Ball, location: 2F 2-2: Ball 3-2: DOUBLE (Groundball, 3L, EV 107.5 MPH) Cesar Carrasquillo scores Terrell Smith to third
|
Pitching: LHP Emiel Wijers
|
|
Batting: RHB Josh Lynch
|
0-0: Foul Ball, location: 2F 0-1: Called Strike 0-2: Ball 1-2: Ball 2-2: Ball 3-2: Foul Ball, location: 2F 3-2: Foul Ball, location: 2F 3-2: Foul Ball, location: 2F 3-2: Foul Ball, location: 2F 3-2: Fly out, F3 (Popup, 3SF, EV 81.9 MPH)
|
Pinch Hitting: RHB Yang-cheng Kui
|
0-0: Called Strike 0-1: Ball 1-1: Swinging Strike 1-2: Ball 2-2: Foul Ball, location: 2F 2-2: Strikes out swinging
|
Pinch Hitting: RHB Ruben del Toro
|
0-0: Ground out 4-3 (Groundball, 34D, EV 105.0 MPH)
|
Top of the 6th over - 1 run, 3 hits, 0 errors, 2 left on base; University of Oklahoma 6 - Louisiana State University 4 |
BOTTOM OF THE 6TH |
Louisiana State University Tigers batting - Pitching for University of Oklahoma Sooners : LHP Jose Barron
|
Now at 2B: Tony Hernandez
|
|
Now in LF: David Severino
|
|
Batting: RHB Richard Saquic
|
0-0: Ball 1-0: Swinging Strike 1-1: Foul Ball, location: 2F 1-2: Strikes out looking
|
Batting: LHB Lourens Aukema
|
0-0: Ball 1-0: Ball 2-0: Fly out, F4 (Line Drive, 4, EV 70.6 MPH)
|
Batting: RHB David Lobacz
|
0-0: Ball 1-0: Swinging Strike 1-1: Foul Ball, location: 2F 1-2: Ball 2-2: Fly out, F9 (Line Drive, 9, EV 90.0 MPH)
|
Bottom of the 6th over - 0 runs, 0 hits, 0 errors, 0 left on base; University of Oklahoma 6 - Louisiana State University 4 |
TOP OF THE 7TH |
University of Oklahoma Sooners batting - Pitching for Louisiana State University Tigers : LHP Emiel Wijers
|
Batting: RHB Connell Boyle Jr.
|
0-0: Called Strike 0-1: Foul Ball, location: 2F 0-2: Fly out, F3 (Popup, 23F, EV 83.8 MPH)
|
Batting: RHB Carlos Gonzales
|
0-0: Ground out U3 (Groundball, 34, EV 105.0 MPH)
|
Pinch Hitting: RHB Alex Koral
|
0-0: Called Strike 0-1: Ball 1-1: Called Strike 1-2: Strikes out swinging
|
Top of the 7th over - 0 runs, 0 hits, 0 errors, 0 left on base; University of Oklahoma 6 - Louisiana State University 4 |
BOTTOM OF THE 7TH |
Louisiana State University Tigers batting - Pitching for University of Oklahoma Sooners : LHP Jose Barron
|
Pitching: RHP Victor Tejada
|
|
Now at 3B: Rhett Oxford
|
|
Batting: SHB Fernando Solano
|
0-0: Ball 1-0: Swinging Strike 1-1: Called Strike 1-2: Ball 2-2: Strikes out swinging
|
Batting: LHB Ângelo Schwn
|
0-0: Ball 1-0: Called Strike 1-1: Foul Ball, location: 2F 1-2: Foul Ball, location: 2F 1-2: Ball 2-2: Ground out U3 (Groundball, 3, EV 103.8 MPH)
|
Batting: RHB Edgar Cuesta
|
0-0: Ball 1-0: Called Strike 1-1: Ground out 6-3 (Groundball, 6S, EV 80.0 MPH)
|
Bottom of the 7th over - 0 runs, 0 hits, 0 errors, 0 left on base; University of Oklahoma 6 - Louisiana State University 4 |
TOP OF THE 8TH |
University of Oklahoma Sooners batting - Pitching for Louisiana State University Tigers : LHP Emiel Wijers
|
Batting: RHB Willie Cubero
|
0-0: Called Strike 0-1: Ball 1-1: Called Strike 1-2: SINGLE (Line Drive, 6M, EV 98.8 MPH)
|
Batting: RHB Terrell Smith
|
0-0: Fly out, F9 (Line Drive, 9, EV 87.5 MPH)
|
Batting: SHB Zach Allen
|
0-0: Ball 1-0: Ball Wild Pitch! Willie Cubero to second 2-0: Intentional Walk
|
Pinch Hitting: RHB Edwin Gutierrez
|
0-0: Grounds into double play, 5-4-3 (Groundball, 56S, EV 81.3 MPH)
|
Top of the 8th over - 0 runs, 1 hit, 0 errors, 1 left on base; University of Oklahoma 6 - Louisiana State University 4 |
BOTTOM OF THE 8TH |
Louisiana State University Tigers batting - Pitching for University of Oklahoma Sooners : RHP Victor Tejada
|
Pitching: LHP Bill Kerr
|
|
Now at SS: Edwin Gutierrez
|
|
Batting: RHB Alberto Chavez
|
0-0: Called Strike 0-1: Ball 1-1: Ball 2-1: SINGLE (Line Drive, 9S, EV 101.9 MPH)
|
Batting: RHB Andy Jamison
|
0-0: Foul Ball, location: 2F 0-1: DOUBLE (Line Drive, 89D, EV 113.8 MPH) Alberto Chavez to third
|
Pinch Hitting: SHB Noah Long
|
0-0: Called Strike 0-1: Swinging Strike 0-2: Ball 1-2: Ball 2-2: Ball 3-2: Foul Ball, location: 2F 3-2: Strikes out swinging
|
Batting: SHB John Pullen
|
0-0: Called Strike 0-1: Called Strike 0-2: Ball 1-2: Ball 2-2: Ball 3-2: Foul Ball, location: 2F 3-2: Foul Ball, location: 2F 3-2: Base on Balls
|
Pinch Hitting: RHB Dale Turner
|
0-0: Ball 1-0: Fly out, F9 (Flyball, 89S, EV 93.1 MPH)
|
Pinch Hitting: RHB Warren Carmichael
|
0-0: Foul Ball, location: 2F 0-1: Swinging Strike 0-2: Ball 1-2: Strikes out swinging
|
Bottom of the 8th over - 0 runs, 2 hits, 0 errors, 3 left on base; University of Oklahoma 6 - Louisiana State University 4 |
TOP OF THE 9TH |
University of Oklahoma Sooners batting - Pitching for Louisiana State University Tigers : LHP Emiel Wijers
|
Pitching: LHP Alexis Vasquez
|
|
Now at 1B: Warren Carmichael
|
|
Now in LF: Noah Long
|
|
Now in RF: Garrett Moreau
|
|
Batting: RHB Tony Hernandez
|
0-0: Ball 1-0: Ground out 5-3 (Groundball, 56, EV 86.9 MPH)
|
Batting: RHB David Severino
|
0-0: Foul Ball, location: 2F 0-1: Ball 1-1: Foul Ball, location: 2F 1-2: SINGLE (Groundball, 6M, EV 101.3 MPH) (infield hit)
|
Batting: RHB Connell Boyle Jr.
|
0-0: Ball 1-0: Called Strike 1-1: Ball 2-1: Ball 3-1: Base on Balls David Severino to second
|
Batting: RHB Carlos Gonzales
|
0-0: Ball 1-0: SINGLE (Groundball, 15S, EV 65.6 MPH) (infield hit) David Severino to third Connell Boyle Jr. to second
|
Batting: LHB Rhett Oxford
|
0-0: Called Strike 0-1: Ball 1-1: Swinging Strike 1-2: Ball 2-2: SINGLE (Groundball, 34, EV 105.0 MPH) David Severino scores Connell Boyle Jr. to third Carlos Gonzales to second
|
Batting: SHB Bobby Davey
|
0-0: Foul Ball, location: 2F 0-1: Ball 1-1: Swinging Strike 1-2: Strikes out looking
|
Batting: RHB Terrell Smith
|
0-0: Foul Ball, location: 2F 0-1: Ball 1-1: Foul Ball, location: 2F 1-2: Ball 2-2: Ball 3-2: Foul Ball, location: 2F 3-2: Foul Ball, location: 2F 3-2: Strikes out swinging
|
Top of the 9th over - 1 run, 3 hits, 0 errors, 3 left on base; University of Oklahoma 7 - Louisiana State University 4 |
BOTTOM OF THE 9TH |
Louisiana State University Tigers batting - Pitching for University of Oklahoma Sooners : LHP Bill Kerr
|
Pitching: RHP Yoshiyuki Murakami
|
|
Pinch Hitting: LHB Adam De Bello
|
0-0: Ball 1-0: Ball 2-0: Ball 3-0: Base on Balls
|
Batting: LHB Ângelo Schwn
|
0-0: Called Strike 0-1: Foul Ball, location: 2F 0-2: Ball 1-2: Grounds into double play, 4-6-3 (Groundball, 4, EV 88.8 MPH)
|
Batting: RHB Edgar Cuesta
|
0-0: Ball 1-0: SINGLE (Groundball, P, EV 88.1 MPH) (infield hit)
|
Pitching: RHP Troy Hutch
|
|
Pinch Hitting: SHB Jose Melendez
|
0-0: Ball 1-0: Called Strike 1-1: Foul Ball, location: 2F 1-2: Ball 2-2: Fielders Choice at 2nd, 6-4 (Groundball, 6, EV 106.3 MPH)
|
Bottom of the 9th over - 0 runs, 1 hit, 0 errors, 1 left on base; University of Oklahoma 7 - Louisiana State University 4 |
|